 Dungeon Crawl Stone Soup version 0.28.0-53-g5a82cb258f (webtiles) character file.

Game seed: 17668651822086445119

109 issech the Chopper (level 4, -3/41 HPs)
             Began as a Minotaur Monk on June 10, 2022.
             Slain by a gnoll
             ... wielding a +0 spear
              (6 damage)
             ... on level 2 of the Dungeon.
             The game lasted 00:06:39 (3177 turns).

issech the Chopper (Minotaur Monk)                  Turns: 3177, Time: 00:06:39

Health: -3/41      AC:  2    Str: 15    XL:     4   Next: 59%
Magic:  3/3        EV: 14    Int:  7    God:
Gold:   108        SH:  0    Dex: 21    Spells: 3/3 levels left

rFire   . . .      SeeInvis .   a - +0 hand axe
rCold   . . .      Faith    .   (no shield)
rNeg    . . .      Spirit   .   b - +0 robe
rPois   .          Reflect  .   (helmet restricted)
rElec   .          Harm     .   (no cloak)
rCorr   .          Rampage  .   (no gloves)
Will    .....                   (no boots)
Stlth   ++........              (no amulet)
HPRegen 0.13/turn               k - +6 ring of dexterity
MPRegen 0.08/turn               (no ring)

@: no status effects
A: horns 2, retaliatory headbutt
a: no special abilities


You were on level 2 of the Dungeon.
You visited 1 branch of the dungeon, and saw 2 of its levels.

You collected 108 gold pieces.

Inventory:

Hand Weapons
 a - a +0 hand axe (weapon)
 d - a +0 hunting sling
Missiles
 c - 20 stones (quivered)
 g - 19 arrows
 l - 19 sling bullets
Armour
 b - a +0 robe (worn)
Jewellery
 k - a +6 ring of dexterity (left hand)
Scrolls
 h - a scroll of identify {unknown}
 j - a scroll of immolation {unknown}
 m - a scroll of vulnerability {unknown}
 n - a scroll of amnesia {unknown}
Potions
 e - a potion of magic {unknown}
 f - 2 potions of resistance {unknown}
 i - a potion of mutation {unknown}


   Skills:
 + Level 4.4 Fighting
 + Level 5.0 Axes
 + Level 4.1 Dodging
 + Level 2.0 Stealth


You had 3 spell levels left.
You didn't know any spells.
Your spell library contained the following spells:

 Spells                   Type           Power      Damage    Failure   Level
 Beastly Appendage        Tmut           0%         N/A       43%         1
 Wereblood                Tmut           0%         N/A       56%         2
 Spider Form              Tmut/Pois      0%         N/A       80%         3


Dungeon Overview and Level Annotations

Branches:
Dungeon (2/15)

Altars:

Shops:
D:1 [


Innate Abilities, Weirdness & Mutations

You have a pair of horns on your head.
You reflexively headbutt those who attack you in melee.


Message History

You hit the bush but do no damage.
The bush is almost destroyed.
You hit the bush but do no damage. The gnoll closely misses you.
The gnoll barely misses you.
You barely miss the gnoll. You hit the bush but do no damage. You hit the bush.
The gnoll misses you.
You barely miss the gnoll. You hit the bush but do no damage. x2
The gnoll misses you. You furiously retaliate!
You headbutt the gnoll. You hit the gnoll.
You headbutt the gnoll, but do no damage.
The gnoll is heavily wounded.
You hit the bush. You hit the bush but do no damage.
The gnoll completely misses you.
You closely miss the gnoll.
The gnoll is heavily wounded.
You hit the bush but do no damage. x2; The gnoll hits you with a +0 spear.
* * * LOW HITPOINT WARNING * * *
You barely miss the gnoll.
The gnoll is heavily wounded.
You hit the bush but do no damage. x2; The gnoll barely misses you.
You closely miss the gnoll.
You headbutt the gnoll, but do no damage.
The gnoll is heavily wounded.
You hit the bush but do no damage. x2; The gnoll closely misses you.
You hit the gnoll.
The gnoll is heavily wounded.
You hit the bush but do no damage. x2; The gnoll misses you.
You closely miss the gnoll.
The gnoll is heavily wounded.
You hit the bush. You hit the bush but do no damage.
The gnoll closely misses you.
You hit the gnoll. Your headbutt misses the gnoll.
The gnoll is severely wounded.
You completely miss the bush. You hit the bush but do no damage.
The gnoll misses you.
You closely miss the gnoll.
The gnoll is severely wounded.
You hit the bush. You hit the bush but do no damage.
The gnoll hits you with a +0 spear.
You die...

###.#......######
###........).#
##...#.#..<...######
#.♣P.♣.#............
#♣....♣############.
♣♣P.P♣♣♣ ## ♣P..♣♣.♣
# ♣..g..♣♣ # ♣.P@P♣♣
# #♣♣[.♣ ♣♣♣♣


You could see a gnoll.

Vanquished Creatures
  3 gnolls (D:2)
  2 adders (D:2)
  2 worms (D:2)
  7 ball pythons
  6 bats
  4 endoplasms (D:1)
  4 giant cockroaches (D:2)
  7 goblins
  3 hobgoblins
  4 jackals (D:2)
  A quokka (D:1)
  A frilled lizard (D:1)
  2 kobolds
  8 rats
54 creatures vanquished.

Vanquished Creatures (others)
  7 plants (D:2)
7 creatures vanquished.

Grand Total: 61 creatures vanquished

Notes
Turn   | Place    | Note
-------+----------+-------------------------------------------
     0 | D:1      | issech the Minotaur Monk began the quest for the Orb.
     0 | D:1      | Reached XP level 1. HP: 19/19 MP: 0/0
   153 | D:1      | Found a faded altar of an unknown god.
   180 | D:1      | Reached XP level 2. HP: 25/27 MP: 1/1
   454 | D:1      | Reached skill level 4 in Axes
   513 | D:1      | Found Udiyn's Armour Shop.
  1093 | D:2      | Reached XP level 3. HP: 32/33 MP: 2/2
  1809 | D:2      | Reached XP level 4. HP: 35/41 MP: 3/3
  2689 | D:2      | Reached skill level 5 in Axes
  3171 | D:2      | HP: 2/41 [gnoll/+0 spear (6)]
  3177 | D:2      | Slain by a gnoll

Illustrated notes

Levels and vault maps discovered:
D:1:      minmay_arrival_cross, layout_basic, serial_shops,
          nicolae_shop_waterfront, ebering_ecumenical_altar_rust,
          chequers_serial_rivers_micro_e
D:2:      minmay_spotlight, layout_rooms, serial_forest,
          infiniplex_forest_end_2, infiniplex_forest_end_1,
          infiniplex_forest_clump_curved, infiniplex_forest_zigzag_1,
          infiniplex_forest_end_double, infiniplex_forest_lined_3,
          infiniplex_forest_straight_4, infiniplex_forest_lined_2,
          infiniplex_forest_end_double, infiniplex_forest_end_2

Skill      XL: |  1  2  3  4 |
---------------+-------------+-----
Fighting       | 4 |  4.4
Axes           | 4 5 |  5.0
Dodging        | 4 |  4.1
Stealth        | 2 |  2.0

Action                   |  1- 3 |  4- 6 || total
-------------------------+-------+-------++-------
Melee: Hand axe          |    86 |   122 ||   208
       Headbutt          |    10 |    39 ||    49
       Punch             |       |     6 ||     6
 Stab: Sleeping          |     1 |       ||     1
Armor: Robe              |    20 |     4 ||    24
Dodge: Dodged            |    79 |    33 ||   112
